 Dungeon Crawl Stone Soup version 0.21.1-1-g345015f (webtiles) character file.

34 tidbits the Insei (level 3, -5/28 HPs)
             Began as a Gnoll Transmuter on Mar 10, 2018.
             Slain by Edmund
             ... wielding a +0 flail of crushing
              (6 damage)
             ... on level 4 of the Dungeon.
             The game lasted 00:02:03 (204 turns).

tidbits the Insei (Gnoll Transmuter)                 Turns: 204, Time: 00:02:03

Health: -5/28      AC:  2    Str: 12    XL:     3   Next: 31%
Magic:  0/9        EV: 14    Int: 16    God:
Gold:   32         SH:  0    Dex: 15    Spells: 9/12 levels left

rFire    . . .     SeeInvis .     - Unarmed
rCold    . . .     Gourm    .   (no shield)
rNeg     . . .     Faith    .   b - +0 robe
rPois    .         Spirit   .   (no helmet)
rElec    .         Reflect  .   (no cloak)
rCorr    .         Harm     .   (no gloves)
MR       .....                  (no boots)
Stlth    ++........             (no amulet)
HPRegen  0.09/turn              (no ring)
MPRegen  0.11/turn              (no ring)

@: appendage, very slightly contaminated
A: distributed training, fangs 1, horns 2, strong nose
a: End Transformation


You were on level 4 of the Dungeon.
You were not hungry.
You had grown temporary horns.
You visited 1 branch of the dungeon, and saw 4 of its levels.

You collected 32 gold pieces.

Inventory:

Hand Weapons
 e - a +0 short sword
 i - a +2 hand axe of chopping
   (You found it on level 1 of the Dungeon)
 j - a +0 dagger
Missiles
 a - 35 arrows
 g - 29 stones (quivered)
Armour
 b - a +0 robe (worn)
 f - a cursed +0 ring mail
Scrolls
 h - a scroll of amnesia {unknown}
Books
 c - a book of Changes

   Spells                             Type                      Level
   a - Beastly Appendage              Transmutation                1
   b - Sticks to Snakes               Transmutation                2
   c - Spider Form                    Transmutation/Poison         3
   d - Ice Form                       Ice/Transmutation            4
   e - Blade Hands                    Transmutation                5
Comestibles
 d - a ration


   Skills:
 + Level 2.6 Fighting
 + Level 0.7 Short Blades
 + Level 0.7 Long Blades
 + Level 0.7 Axes
 + Level 0.7 Maces & Flails
 + Level 0.7 Polearms
 + Level 0.7 Staves
 + Level 0.7 Slings
 + Level 0.7 Bows
 + Level 0.7 Crossbows
 + Level 0.7 Throwing
 + Level 0.7 Armour
 + Level 4.5 Dodging
 + Level 0.7 Stealth
 + Level 0.7 Shields
 + Level 6.5 Unarmed Combat
 + Level 5.0 Spellcasting
 + Level 0.5 Conjurations
 + Level 0.5 Hexes
 + Level 0.5 Charms
 + Level 0.5 Summonings
 + Level 0.5 Necromancy
 + Level 0.5 Translocations
 + Level 3.7 Transmutations
 + Level 0.5 Fire Magic
 + Level 0.5 Ice Magic
 + Level 0.5 Air Magic
 + Level 0.5 Earth Magic
 + Level 0.5 Poison Magic
 + Level 0.9 Invocations
 + Level 0.7 Evocations


You had 9 spell levels left.
You knew the following spells:

 Your Spells              Type           Power        Failure   Level  Hunger
e - Beastly Appendage     Tmut           ###...       3%          1    None
k - Sticks to Snakes      Tmut           ###.....     4%          2    #......


Dungeon Overview and Level Annotations

Branches:
Dungeon (4/15)
 Temple: D:4-7

Altars:
Fedhas

Annotations:
D:3 letownia2's ghost, weakling MfWz
D:4 Edmund


Innate Abilities, Weirdness & Mutations

Your experience applies equally to all skills.
You have very sharp teeth.
Your uncanny sense of smell can sniff out nearby items.
You have a pair of horns on your head.


Message History

You hit the quokka.
You kill the quokka!
Letownia2's ghost (weakling Merfolk Wizard) comes into view.
You aren't carrying any potions.
Unknown command.
There is a stone staircase leading down here.
You climb downwards.
A worker ant comes into view.
The worker ant twitches its antennae in your direction.
Found 20 gold pieces and 5 tomahawks.
Found an escape hatch in the ceiling and an escape hatch in the floor.
There is a stone staircase leading up here.
Unknown command.
Casting: Beastly Appendage
Confirm with . or Enter, or press ? or * to list all spells.
You extend your transformation's duration.
Casting: Beastly Appendage
Confirm with . or Enter, or press ? or * to list all spells.
You miscast Sticks to Snakes.
You are very lightly contaminated with residual magic.
Nothing appears to happen.
Casting: Sticks to Snakes
Confirm with . or Enter, or press ? or * to list all spells.
You create a snake!
You now have 36 arrows.
You punch the worker ant!
You bite the worker ant, but do no damage.
The worker ant is heavily wounded.
The worker ant closely misses you.
Your ball python bites the worker ant but does no damage.
Your ball python grabs the worker ant.
Your ball python constricts the worker ant.
You hit the worker ant but do no damage.
You headbutt the worker ant.
The worker ant is severely wounded.
The worker ant misses you.
Your ball python bites the worker ant but does no damage.
Your ball python constricts the worker ant.
You hit the worker ant.
The worker ant is almost dead.
The worker ant bites you.
* * * LOW HITPOINT WARNING * * *
Your ball python bites the worker ant but does no damage.
Your ball python constricts the worker ant.
You hit the worker ant.
You kill the worker ant!
Your Spellcasting skill increases to level 5!
You have reached level 3!
Your experience leads to an increase in your attributes!
Increase (S)trength, (I)ntelligence, or (D)exterity?
You feel clever.
A hound comes into view.
Your transformation is almost over.
The hound barks!
You hear a shout!
Found a glowing hand axe.
Edmund the Younger comes into view.
He is wielding a flail of crushing.
You see here 13 gold pieces.
You aren't carrying any potions.
Unknown command.
You now have 32 gold pieces (gained 13).
You miss the hound. The hound closely misses you.
You barely miss the hound. Your headbutt misses the hound.
The hound barely misses you.
Your ball python closely misses the hound.
Your ball python barely misses the hound.
You hit the hound. You bite the hound, but do no damage.
The hound is moderately wounded.
The hound closely misses you.
Your ball python closely misses the hound.
Your ball python grabs the hound.
Your ball python constricts the hound.
The hound bites you.
* * * LOW HITPOINT WARNING * * *
Casting: Sticks to Snakes
Confirm with . or Enter, or press ? or * to list all spells.
You create a snake!
You now have 35 arrows.
Your ball python bites the hound but does no damage.
Your ball python constricts the hound.
The hound bites you but does no damage.
Your ball python bites the hound but does no damage.
Your ball python constricts the hound.
Casting: Sticks to Snakes
Confirm with . or Enter, or press ? or * to list all spells.
You extend your transformation's duration.
The hound bites you.
* * * LOW HITPOINT WARNING * * *
Your ball python bites the hound but does no damage.
Your ball python constricts the hound.
The hound bites you.
* * * LOW HITPOINT WARNING * * *
Your ball python closely misses Edmund.
Your ball python barely misses Edmund.
Edmund barely misses you.
You aren't carrying any potions.
Unknown command.
You punch Edmund! Your headbutt misses Edmund.
Edmund is lightly wounded.
The hound bites you but does no damage.
Your ball python barely misses Edmund.
Your ball python grabs Edmund.
Your ball python constricts Edmund.
Your ball python bites the hound but does no damage.
Your ball python constricts the hound.
You barely miss the hound.
The hound is severely wounded.
Edmund hits you with a flail of crushing.
You die...

..# #..####
##.$.#...
.####+##........
.>....#.........
........<.......
....##...<##...
. #....##..
#@S......
+h@......
#.S..##...
#....# ...
#....(# ..
......# .....)+
∆ ......#


You could see Edmund, a hound and 2 friendly ball pythons.

Vanquished Creatures
  A worker ant (D:4)
  A worm (D:2)
  A goblin (D:1)
  2 hobgoblins (D:1)
  A quokka (D:3)
  A kobold (D:1)
  A rat (D:1)
8 creatures vanquished.

Notes
Turn   | Place    | Note
-------+----------+-------------------------------------------
     0 | D:1      | tidbits the Gnoll Transmuter began the quest for the Orb.
     0 | D:1      | Reached XP level 1. HP: 17/17 MP: 6/6
    94 | D:2      | Found a blossoming altar of Fedhas.
   146 | D:2      | Reached XP level 2. HP: 9/23 MP: 7/7
   150 | D:2      | Learned a level 2 spell: Sticks to Snakes
   176 | D:3      | Noticed letownia2's ghost (weakling MfWz)
   193 | D:4      | Reached skill level 5 in Spellcasting
   193 | D:4      | Reached XP level 3. HP: 9/28 MP: 2/9
   197 | D:4      | Noticed Edmund
   202 | D:4      | HP: 1/28 [hound (5)]
   204 | D:4      | Slain by Edmund

Skill      XL: |  1  2 |
---------------+-------+-----
Spellcasting   | 5 |  5.0
Fighting       | |  2.6
Short Blades   | |  0.7
Long Blades    | |  0.7
Axes           | |  0.7
Maces & Flails | |  0.7
Polearms       | |  0.7
Staves         | |  0.7
Slings         | |  0.7
Bows           | |  0.7
Crossbows      | |  0.7
Throwing       | |  0.7
Armour         | |  0.7
Dodging        | |  4.5
Stealth        | |  0.7
Shields        | |  0.7
Unarmed Combat | |  6.5
Conjurations   | |  0.5
Hexes          | |  0.5
Charms         | |  0.5
Summonings     | |  0.5
Necromancy     | |  0.5
Translocations | |  0.5
Transmutations | |  3.7
Fire Magic     | |  0.5
Ice Magic      | |  0.5
Air Magic      | |  0.5
Earth Magic    | |  0.5
Poison Magic   | |  0.5
Invocations    | |  0.9
Evocations     | |  0.7

Action                   || total
-------------------------++-------
Melee: Unarmed           ||    29
       Kick              ||     4
       Punch             ||     2
       Bite              ||     2
       Headbutt          ||     1
 Cast: Beastly Appendage ||     7
       Sticks to Snakes  ||     2
Armor: Robe              ||     2
Dodge: Dodged            ||    15

Table legend:
 A = Turns spent in this place as a percentage of turns spent in the entire game.
 B = Non-inter-level travel turns spent in this place as a percentage of non-inter-level travel turns spent in the entire game.
 C = Inter-level travel turns spent in this place as a percentage of turns spent in this place.
 D = Turns resting spent in this place as a percentage of non-inter-level travel turns spent in this place.
 E = Turns spent auto-exploring this place as a percentage of non-inter-level travel turns spent in this place.
 F = Non-inter-level travel turns spent in this place divided by the number of levels of this place that you've seen.
                   A       B       C       D       E      F
               +-------+-------+-------+-------+-------+----------------------
         Total | 100.0 | 100.0 |   0.0 |   0.0 |   0.0 |  51.0
       Dungeon | 100.0 | 100.0 |   0.0 |   0.0 |   0.0 |  51.0
               +-------+-------+-------+-------+-------+----------------------

Table legend:
 A = Kills in this place as a percentage of kills in entire the game.
 B = Kills by you in this place as a percentage of kills by you in the entire game.
 C = Kills by friends in this place as a percentage of kills by friends in the entire game.
 D = Other kills in this place as a percentage of other kills in the entire game.
 E = Experience gained in this place as a percentage of experience gained in the entire game.
 F = Experience gained in this place divided by the number of levels of this place that you have seen.
                   A       B       C       D       E      F
               +-------+-------+-------+-------+-------+----------------------
         Total | 100.0 | 100.0 |   N/A |   N/A | 100.0 |  12.2
       Dungeon | 100.0 | 100.0 |   N/A |   N/A | 100.0 |  12.2
               +-------+-------+-------+-------+-------+----------------------

Vault maps used:
D:1:      nicolae_arrival_washed_ashore
D:2:      marbit_many_paths, lemuel_crystal_altar, nicolae_ashenzari_panopticon
D:3:      fiery_altar_vehumet, lemuel_round_altar, uniq_terence
D:4:      lemuel_coloured_pillars_altar, lemuel_crystal_altar,
          kennysheep_small_circle, uniq_pikel, uniq_duvessa, uniq_edmund
